 Dungeon Crawl Stone Soup version 0.29.0-10-g45618ea6d2 (webtiles) character file.

Game seed: 573279261515372801

100 funkygono the Firebug (level 4, -5/24 HPs)
             Began as a Gargoyle Fire Elementalist on Sept 1, 2022.
             Blown up by Ijyb (18 damage)
             ... with a mindburst bolt
             ... on level 3 of the Dungeon.
             The game lasted 00:03:47 (2457 turns).

funkygono the Firebug (Gargoyle Fire Elementalist)  Turns: 2457, Time: 00:03:48

Health: -5/24      AC:  5    Str: 11    XL:     4   Next: 74%
Magic:  0/7        EV: 12    Int: 18    God:
Gold:   124        SH:  0    Dex: 10    Spells: 2/8 levels left

rFire   . . .      SeeInvis .   f - +0 whip
rCold   . . .      Faith    .   (no shield)
rNeg    + + .      Spirit   .   a - +0 robe
rPois   ∞          Reflect  .   (no helmet)
rElec   +          Harm     .   (no cloak)
rCorr   .          Rampage  .   (no gloves)
Will    .....                   (no boots)
Stlth   ++........              (no amulet)
HPRegen 0.08/turn               n - ring of positive energy
MPRegen 0.10/turn               (no ring)

@: no status effects
A: sickness immunity, AC +3, negative energy resistance 1, electricity
resistance, torment resistance 1, petrification resistance
a: no special abilities


You were on level 3 of the Dungeon.
You visited 1 branch of the dungeon, and saw 3 of its levels.

You collected 124 gold pieces.

Inventory:

Hand Weapons
 f - a +0 whip (weapon)
 i - a +0 mace
Armour
 a - a +0 robe (worn)
 d - a +0 kite shield
 r - a +0 leather armour
Magical Staves
 q - a staff of air
Jewellery
 n - a ring of positive energy (left hand)
Scrolls
 c - a scroll of identify {unknown}
 h - a scroll of enchant weapon {unknown}
 j - a scroll of blinking {unknown}
 k - a scroll of teleportation {unknown}
 p - a scroll of magic mapping {unknown}
 s - 3 scrolls of fear {unknown}
Potions
 b - a potion of magic
 e - a potion of haste {unknown}
 g - a potion of curing {unknown}
 l - 2 potions of flight {unknown}
 m - a potion of ambrosia {unknown}
 o - a potion of mutation {unknown}


   Skills:
 + Level 2.0 Dodging
 + Level 2.5 Stealth
 + Level 2.5 Spellcasting
 + Level 2.4 Conjurations
 + Level 4.0 Fire Magic


You had 2 spell levels left.
You knew the following spells:

 Your Spells              Type           Power      Damage    Failure   Level
a - Foxfire               Conj/Fire      56%        2x1d6     4%          1
b - Scorch                Fire           32%        2d7       4%          2
c - Conjure Flame         Conj/Fire      14%        6-21      14%         3

Your spell library contained the following spells:

 Spells                   Type           Power      Damage    Failure   Level
 Inner Flame              Hex/Fire       9%         N/A       22%         3
 Flame Wave               Conj/Fire      14%        2d6       41%         4


Dungeon Overview and Level Annotations

Branches:
Dungeon (3/15)

Altars:

Shops:
D:2 (

Annotations:
D:3 Ijyb


Innate Abilities, Weirdness & Mutations

You are immune to sickness and miasma.
Your stone body is resilient. (AC +3)
You are immune to poison.
You resist negative energy. (rN+)
You are resistant to electric shocks. (rElec)
You are resistant to unholy torment.
You are immune to petrification.


Message History

Casting: Foxfire (safe; 4% risk of failure)
Confirm with . or Enter, or press ? or * to list all spells.
You conjure some foxfire!
The foxfire hits Ijyb.
Ijyb is lightly wounded.
Unknown command.
Casting: Foxfire (safe; 4% risk of failure)
Confirm with . or Enter, or press ? or * to list all spells.
Flames lash Ijyb but do no damage.
The foxfire hits Ijyb.
Ijyb is moderately wounded.
The foxfire hits Ijyb but does no damage.
Ijyb is moderately wounded.
Ijyb hits you with a +0 club.
Casting: Scorch (safe; 4% risk of failure)
Confirm with . or Enter, or press ? or * to list all spells.
Flames lash Ijyb.
Ijyb is heavily wounded.
Ijyb's fire resistance burns away.
Ijyb hits you but does no damage.
Unknown command.
Casting: Scorch (safe; 4% risk of failure)
Confirm with . or Enter, or press ? or * to list all spells.
You don't have enough magic to cast this spell.
Unknown command.
You barely miss Ijyb.
Ijyb is heavily wounded.
Ijyb zaps a wand.
Your mind is blasted!
You closely miss Ijyb.
Ijyb is heavily wounded.
Ijyb misses you.
You hit Ijyb.
Ijyb is heavily wounded.
Ijyb is no longer more vulnerable to fire.
Ijyb hits you with a +0 club.
You barely miss Ijyb.
Ijyb is heavily wounded.
Ijyb barely misses you.
Casting: Scorch (safe; 4% risk of failure)
Confirm with . or Enter, or press ? or * to list all spells.
You conjure some foxfire!
Ijyb zaps a wand.
Your mind is blasted!
Ouch! That really hurt!
You die...

.. ##.# ..... ..
##..# .... . #..##
.... #.## #.# .
##.#####..
####..#......
#.vg.........
#.v@.........
###............
####..............
.....#.....†(.....
..................
.....#............
######.[....######
#......# ########


You could see Ijyb (ally target).

Vanquished Creatures
  4 adders (D:2)
  A worm (D:3)
  A dart slug (D:2)
  2 orcs
  7 ball pythons
  7 endoplasms
  2 giant cockroaches (D:1)
  7 goblins
  5 hobgoblins
  3 quokkas
  3 bats
  5 frilled lizards
  2 kobolds (D:1)
  5 rats (D:2)
54 creatures vanquished.

Vanquished Creatures (others)
  117 foxfires
117 creatures vanquished.

Grand Total: 171 creatures vanquished

Notes
Turn   | Place    | Note
-------+----------+-------------------------------------------
     0 | D:1      | funkygono the Gargoyle Fire Elementalist began the quest
                  | for the Orb.
     0 | D:1      | Reached XP level 1. HP: 10/10 MP: 3/3
   297 | D:1      | Reached XP level 2. HP: 15/15 MP: 3/5
   300 | D:1      | Learned a level 2 spell: Scorch
   601 | D:1      | Found a faded altar of an unknown god.
   896 | D:1      | Reached XP level 3. HP: 19/19 MP: 1/6
   900 | D:1      | Learned a level 3 spell: Conjure Flame
  1767 | D:2      | Reached XP level 4. HP: 24/24 MP: 5/7
  2060 | D:2      | Reached skill level 4 in Fire Magic
  2187 | D:2      | Found Jimeps's Antique Weapon Emporium.
  2369 | D:3      | Noticed Ijyb
  2457 | D:3      | Blown up by Ijyb

Illustrated notes

Levels and vault maps discovered:
D:1:      lemuel_arrival_tunnels, layout_basic, nicolae_ecumenical_lake_church,
          minmay_liquid_box, lemuel_flame_loot_1
D:2:      layout_basic, serial_shops, shop, minmay_quadrilaterals
D:3:      layout_rooms, mainiacjoe_overflow_two_lobes, grunt_ministairs_11,
          kennysheep_generic_room_15, uniq_ijyb

Skill      XL: |  1  2  3  4 |
---------------+-------------+-----
Dodging        | 2 |  2.0
Conjurations   | 2 |  2.4
Fire Magic     | 4 |  4.0
Stealth        | |  2.5
Spellcasting   | |  2.5

Action                   |  1- 3 |  4- 6 || total
-------------------------+-------+-------++-------
Melee: Club              |     4 |       ||     4
       Whip              |    23 |    11 ||    34
       Punch             |     1 |       ||     1
 Cast: Foxfire           |    39 |    32 ||    71
       Scorch            |     7 |     5 ||    12
       Conjure Flame     |       |     1 ||     1
Armor: Robe              |    12 |     5 ||    17
Dodge: Dodged            |    18 |     9 ||    27
